 Dungeon Crawl Stone Soup version 0.19.0-20-gbc5f0c6 (webtiles) character file.

422 GordonOverkill the Skirmisher (level 6, -9/57 HPs)
             Began as a Hill Orc Wanderer on Nov 17, 2016.
             Mangled by an ogre
             ... wielding a cursed +0 giant club
              (18 damage)
             ... on level 5 of the Dungeon.
             The game lasted 00:10:59 (3800 turns).

GordonOverkill the Skirmisher (Hill Orc Wanderer)   Turns: 3800, Time: 00:10:59

Health: -9/57      AC: 11    Str: 15    XL:     6   Next: 95%
Magic:  6/6        EV:  4    Int: 12    God:
Gold:   317        SH:  0    Dex: 12    Spells: 0 memorised, 5 levels left

rFire  . . .     SeeInvis .     p - +2 whip (freeze)
rCold  . . .     Gourm    .     d - +0 plate armour
rNeg   . . .     Faith    .     (no shield)
rPois  .         Spirit   .     (no helmet)
rElec  .         Reflect  .     (no cloak)
rCorr  .         Harm     .     (no gloves)
MR     .....                    (no boots)
Stlth  ..........               (no amulet)
                                (no ring)
                                (no ring)

@: heavily drained
A: no striking features
a: no special abilities


You were on level 5 of the Dungeon.
You were not hungry.

You visited 1 branch of the dungeon, and saw 5 of its levels.

You collected 317 gold pieces.

Inventory:

Hand Weapons
 b - a +1 hand axe
 p - a +2 whip of freezing (weapon)
Armour
 d - a +0 plate armour (worn)
 t - a +0 large shield
Wands
 x - a wand of flame (33/48)
 C - a wand of lightning (10/15)
Scrolls
 a - a scroll of magic mapping
 h - 2 scrolls of remove curse
 l - a scroll of identify
 n - a scroll of blinking
 o - 2 scrolls of teleportation
 r - a scroll of enchant weapon
 u - 2 scrolls of amnesia
Potions
 c - 3 potions of lignification
 m - a potion of might
 q - 3 potions of curing
 v - a potion of flight
Books
 y - a book of Misfortune

   Spells                             Type                      Level
   a - Confusing Touch                Hexes                        1
   b - Confuse                        Hexes                        3
   c - Gell's Gravitas                Hexes/Translocation          3
   d - Petrify                        Transmutation/Earth          4
   e - Metabolic Englaciation         Hexes/Ice                    5
   f - Yara's Violent Unravelling     Hexes/Transmutation          5
Comestibles
 f - 3 bread rations
 g - a meat ration
 s - a beef jerky
 B - 5 chunks of flesh


   Skills:
 - Level 6.1(4.5) Fighting
 * Level 5.3(4.3) Axes
 - Level 3.2(2.8) Maces & Flails
 - Level 1.0(0.0) Throwing
 + Level 4.9(3.3) Armour
 - Level 1.1(0.0) Shields


You had 5 spell levels left.
You didn't know any spells.

Dungeon Overview and Level Annotations

Branches:
Dungeon (5/15)
 Temple: D:4-7

Altars:
Dithmenos
Gozag
Ru
Uskayaw

Shops:
D:2 *   D:4 !


Message History

The ogre is heavily wounded.
The ogre hits you with a giant club!
* * * LOW HITPOINT WARNING * * *
You are too injured to fight recklessly!
You are too injured to fight recklessly!
Okay, then.
Okay, then.
You see here an iguana skeleton.
Evoke which item? (* to show all) (? for menu, Esc to quit)
Okay, then.
Evoke which item? (* to show all) (? for menu, Esc to quit)
Zapping:
C - a wand of lightning {recharged} (will waste charges)
Press: ? - help, Shift-Dir - straight line, f - ogre
Aim: an ogre, wielding a giant club (heavily wounded)
You hear a mighty clap of thunder!
The bolt of lightning hits the ogre.
The ogre is severely wounded.
Evoking this partially-identified wand wasted a few charges.
The ogre hits you with a giant club!!
You die...

****************#
*,,,,,,,,,,,,,,,. *********###
*,**************.
,,,,,,,,,..#####*,* *.
*********#.##..,,,* *. **
#.##.##################.
,***######.#....@O÷..............
,,,,..........#########..........
,**######...#..# #.########. **
#...|.......########.# *# *
#.####...#..#........# *** ***,*
##.##.....########*****,* *,,,*
#......#.........,,,,,,,
**.#######..#....<########*,***,*
,,..........#..#.## *,***,*


You could see an ogre.

Vanquished Creatures
  The ghost of LupusAter the Chiller, an amateur MfIE of Hepliaklqana (D:3)
  An iguana (D:5)
  Jessica (D:2)
  Natasha (D:2)
  2 worker ants (D:4)
  5 gnolls
  5 adders
  3 worms (D:2)
  A dart slug (D:1)
  3 leopard geckos
  An orc (D:3)
  2 ball pythons
  6 bats
  2 giant cockroaches
  13 goblins
  9 hobgoblins
  11 jackals
  9 kobolds
  A frilled lizard (D:4)
  8 rats
85 creatures vanquished.

Notes
Turn   | Place    | Note
-------+----------+-------------------------------------------
     0 | D:1      | GordonOverkill the Hill Orc Wanderer began the quest for the Orb.
     0 | D:1      | GordonOverkill set off with: a +2 mace, a +0 hand axe, a potion of lignification, a +0 robe, a bread ration
     0 | D:1      | Reached XP level 1. HP: 22/22 MP: 1/1
   124 | D:1      | Reached skill level 5 in Fighting
   306 | D:1      | Reached XP level 2. HP: 24/29 MP: 2/2
   459 | D:1      | Reached XP level 3. HP: 26/36 MP: 3/3
   896 | D:2      | Noticed Natasha
   906 | D:2      | Killed Natasha
   906 | D:2      | Reached XP level 4. HP: 27/44 MP: 4/4
  1072 | D:2      | Reached skill level 6 in Fighting
  1151 | D:2      | Reached skill level 1 in Axes
  1151 | D:2      | Reached XP level 5. HP: 24/50 MP: 5/5
  1499 | D:2      | Found Gozag's Platinum Reserve.
  1511 | D:2      | Found an opulent altar of Gozag.
  1728 | D:2      | Noticed Jessica
  1732 | D:2      | Killed Jessica
  1920 | D:3      | Found a hide-covered altar of Uskayaw.
  1972 | D:3      | Found a shadowy altar of Dithmenos.
  2169 | D:3      | Noticed LupusAter's ghost (amateur MfIE)
  2170 | D:3      | Found a sacrificial altar of Ru.
  2191 | D:3      | Killed LupusAter's ghost
  2191 | D:3      | Reached XP level 6. HP: 39/57 MP: 6/6
  3186 | D:4      | Found Unlew's Distillery.
  3277 | D:4      | Reached skill level 5 in Axes
  3478 | D:5      | Entered Level 5 of the Dungeon
  3800 | D:5      | Mangled by an ogre

Skill      XL: |  1  2  3  4  5  6 |
---------------+-------------------+-----
Fighting       | 5 6 |  6.1
Armour         | 2 3 4 |  4.9
Axes           | 1 4 5 |  5.3
Maces & Flails | |  3.2
Throwing       | |  1.0
Shields        | |  1.1

Action                   |  1- 3 |  4- 6 || total
-------------------------+-------+-------++-------
Melee: Mace              |    73 |    23 ||    96
       Whip              |       |   214 ||   214
Evoke: Wand              |       |     1 ||     1
  Use: Scroll            |       |    15 ||    15
 Stab: Paralysed         |       |     1 ||     1
  Eat: Chunk             |       |     9 ||     9
Armor: Plate armour      |   114 |   157 ||   271
Dodge: Dodged            |    17 |    44 ||    61
